Map: Chantier naval orbital

Players

Grimvin

  • Race: Zerg Zerg
  • League: Platinum

LÉopOLDineFr - Winner!

  • Race: Terran Terran
  • League: Diamond

VOD

Have the link to the VOD?

Description

heavy pressure TvZ hellbat medivacs marines

Time

  • Played on: Dec. 11, 2015, 8:32 a.m.
  • Length: 6:27
Show
View Real Time Build Order
Export as new Build Order

Grimvin Zerg 

Build Orders: Hatch First 

Get SALT Encoding   

  12  0:01  Drone  
  13  0:10  Drone  
  14  0:18  Overlord  
  14  0:38  Drone x3  
  17  0:53  Hatchery  
  16  1:12  Drone  
  16  1:13  Drone x2  
  19  1:24  Drone  
  20  1:29  Spawning Pool  
  19  1:34  Extractor  
  18  1:53  Drone x2  
  20  1:59  Drone  
  21  2:06  Drone x2  
  23  2:15  Queen x2  
  23  2:17  Drone  
  23  2:19  Overlord  
  28  2:39  Drone x2  
  28  2:40  Drone x2  
  32  2:57  Overlord  
  32  2:58  Overlord  
  32  3:15  Queen  
  32  3:16  Drone  
  32  3:17  Drone x3  
  38  3:22  Drone  
  38  3:23  Drone  
  40  3:27  Overlord x2  
  40  3:29  Hatchery  
  39  3:37  Drone x5  
  44  3:44  Extractor  
  44  3:45  Drone  
  44  3:51  Drone, Extractor, Queen  
  44  3:52  Extractor  
  47  3:55  Drone x3  
  47  3:57  Drone x3  
  47  3:58  Drone  
  47  4:00  Drone  
  53  4:09  Lair  
  53  4:11  Metabolic Boost  
  53  4:12  Drone x2  
  53  4:16  Baneling Nest  
  54  4:21  Evolution Chamber  
  54  4:23  Drone  
  54  4:24  Evolution Chamber, Drone  
  54  4:40  Drone  
  54  4:43  Drone x5  
  54  4:44  Drone  
  61  4:46  Queen  
  61  4:47  Drone  
  61  4:48  Drone  
  65  5:07  Centrifical Hooks  
  65  5:11  Drone, Infestation Pit  
  65  5:14  Drone  
  66  5:15  Overlord x4  
  66  5:25  Zergling x4  
  57  5:36  Zergling x4  
  57  5:37  Zergling x16  
  57  5:38  Zergling x2  
  67  5:49  Zergling x4  
  68  5:52  Baneling x3  
  68  5:58  Baneling x5  
  68  5:59  Baneling x14  
  68  6:03  Zergling x4  
Show
View Real Time Build Order
Export as new Build Order

LÉopOLDineFr Terran - Winner!

Build Orders:  

Get SALT Encoding   

  12  0:01  SCV  
  13  0:13  SCV  
  14  0:19  Supply Depot  
  14  0:25  SCV  
  15  0:40  SCV  
  15  0:42  Barracks  
  16  0:47  Refinery  
  16  0:52  SCV  
  17  1:04  SCV  
  18  1:17  SCV  
  19  1:29  Orbital Command  
  19  1:32  Barracks Reactor  
  19  1:39  Command Center  
  19  1:50  Supply Depot  
  19  1:55  SCV  
  20  2:07  SCV  
  21  2:11  Marine x2  
  21  2:13  Factory  
  23  2:19  SCV  
  23  2:21  Refinery  
  24  2:29  Marine x2  
  26  2:31  SCV  
  27  2:43  SCV  
  28  2:55  SCV  
  29  2:59  Starport  
  29  3:01  Barracks Reactor, Orbital Command  
  29  3:02  Hellion x2  
  33  3:07  SCV  
  34  3:19  Armory, SCV  
  35  3:26  Supply Depot  
  35  3:28  Hellion  
  35  3:29  Hellion  
  39  3:35  SCV x2  
  39  3:38  Marine  
  39  3:39  Marine  
  43  3:43  Medivac  
  45  3:49  Supply Depot  
  45  3:52  Supply Depot  
  45  3:54  SCV x2  
  47  3:57  Hellion  
  49  4:04  Marine x2  
  49  4:06  Hellion  
  53  4:12  SCV  
  53  4:13  SCV, Medivac  
  57  4:19  Hellion  
  59  4:27  Hellion  
  59  4:28  Marine x2  
  63  4:32  SCV x2  
  63  4:35  Supply Depot  
  63  4:37  Supply Depot  
  65  4:40  Hellion  
  65  4:45  Medivac  
  69  4:47  SCV  
  70  4:56  Marine x2  
  70  4:57  SCV, Hellion  
  75  5:01  Hellion  
  77  5:14  Marine x2  
  77  5:15  Medivac  
  77  5:18  Hellion  
  83  5:23  Hellion  
  85  5:49  Marine  
  86  6:06  Factory  
  86  6:09  Command Center  
  86  6:22  Supply Depot x3  
  86  6:24  Engineering Bay  
Tags
 
Add a new tag
Caveats
  • Supply blocks, unpowered buildings, or Contaminate may cause inaccurate times.
  • Supply counts are checked every 10 seconds.